[Event "42nd Olympiad Baku 2016 Women"]
[Site "Baku"]
[Date "2016.09.05"]
[Round "4.5"]
[White "Pham, Le Thao Nguyen"]
[Black "Calzetta Ruiz, Monica"]
[Result "1-0"]
[ECO "A45"]
[WhiteElo "2338"]
[BlackElo "2249"]
[Annotator ""]
[PlyCount "101"]
[EventDate "2016.??.??"]
[EventCountry "AZE"]
[SourceTitle "playchess.com"]
[Source "ChessBase"]
[WhiteTeam "Vietnam"]
[BlackTeam "Spain"]
[WhiteTeamCountry "VIE"]
[BlackTeamCountry "ESP"]
[TimeControl "40/5400+30:1800+30"]

1. d4 {(00:00)} Nf6 {(00:00)} 2. g3 {(00:39)} c5 {(
00:40)} 3. d5 {(00:43)} g6 {(01:15)} 4. Bg2 {(00:40)} Bg7
{(00:50)} 5. c4 {(01:15)} O-O {(04:30)} 6. Nc3 {(
00:30)} e6 {(02:22)} 7. Nf3 {(05:47)} exd5 {(03:57)} 8.
cxd5 {(00:18)} b5 {(19:51)} 9. d6 {(07:28)} Bb7 {(
01:05)} 10. O-O {(00:35)} b4 {(03:40)} 11. Nb5 {(10:37)}
Na6 {(07:46)} 12. a4 {(05:20)} Qb6 {(01:20)} 13. Ne5 {
(08:56)} Bxg2 {(01:46)} 14. Kxg2 {(04:15)} Rfe8 {(
09:13)} 15. Nc4 {(06:14)} Qb7+ {(00:42)} 16. Kg1 {(06:56)}
Qe4 {(09:43)} 17. b3 {(05:11)} Qxe2 {(02:17)} 18. Be3 {
(00:48)} Qxd1 {(00:56)} 19. Raxd1 {(00:09)} Ne4 {(
12:21)} 20. Rd3 {(03:56)} h6 {(06:59)} 21. Kg2 {(02:12)}
g5 {(00:35)} 22. h3 {(01:05)} f5 {(02:25)} 23. Rd5 {
(06:21)} Rf8 {(00:55)} 24. Nc7 {(01:35)} Nxc7 {(00:
02)} 25. dxc7 {(00:10)} Rfc8 {(03:41)} 26. Rxd7 {(07:36)}
Nf6 {(00:06)} 27. Rd8+ {(03:00)} Rxd8 {(00:05)} 28.
cxd8=Q+ {(00:10)} Rxd8 {(00:03)} 29. Bxc5 {(00:10)} Rd3 {
(00:52)} 30. Rb1 {(00:54)} Nd5 {(00:02)} 31. Bxa7 {
(00:52)} f4 {(00:18)} 32. Bc5 {(00:47)} Nc3 {(01:
36)} 33. Re1 {(00:55)} Ne2 {(00:11)} 34. Kf1 {(01:04)} f3
{(00:03)} 35. a5 {(00:27)} Bc3 {(02:41)} 36. Rb1 {(
00:31)} Rd5 {(00:22)} 37. Be3 {(00:32)} Rd8 {(00:57)} 38.
Bb6 {(01:22)} Ra8 {(00:56)} 39. Rd1 {(00:26)} Nd4 {
(01:22)} 40. Bxd4 {(00:00)} Rd8 {(00:00)} 41. Rd3 {
(01:13)} Rxd4 {(02:12)} 42. Rxd4 {(01:28)} Bxd4 {(
00:02)} 43. Nd2 {(00:11)} Kf7 {(01:45)} 44. Nxf3 {(00:37)}
Bc5 {(02:55)} 45. Ne5+ {(01:13)} Ke6 {(00:04)} 46. Nd3 {
(00:19)} Bd6 {(03:25)} 47. a6 {(01:02)} Bb8 {(00:
09)} 48. Nxb4 {(00:10)} Kd6 {(00:06)} 49. Ke2 {(00:44)}
Kc5 {(00:07)} 50. Nd3+ {(00:22)} Kb6 {(00:11)} 51. Kf3 {
(00:11)} 1-0

[Event "42nd Olympiad Baku 2016 Women"]
[Site "Baku"]
[Date "2016.09.05"]
[Round "4.4"]
[White "Pogonina, Natalija"]
[Black "Gara, Anita"]
[Result "1-0"]
[ECO "D80"]
[WhiteElo "2484"]
[BlackElo "2355"]
[Annotator ""]
[PlyCount "67"]
[EventDate "2016.??.??"]
[EventCountry "AZE"]
[SourceTitle "playchess.com"]
[Source "ChessBase"]
[WhiteTeam "Russia"]
[BlackTeam "Hungary"]
[WhiteTeamCountry "RUS"]
[BlackTeamCountry "HUN"]
[TimeControl "40/5400+30:1800+30"]

1. d4 {(00:00)} Nf6 {(00:00)} 2. c4 {(00:00)} g6 {(
00:00)} 3. Nc3 {(00:00)} d5 {(00:00)} 4. Bg5 {(02:08)} Ne4
{(00:29)} 5. Bh4 {(00:47)} Nxc3 {(00:14)} 6. bxc3 {
(00:04)} dxc4 {(00:16)} 7. e3 {(00:21)} Be6 {(00:
37)} 8. Nh3 {(00:47)} Bh6 {(00:55)} 9. Be2 {(17:56)} Nd7 {
(04:25)} 10. O-O {(03:01)} Nb6 {(08:59)} 11. a4 {(
12:28)} a5 {(00:22)} 12. Qc2 {(00:05)} O-O {(04:00)} 13.
Ng5 {(07:27)} Bf5 {(10:09)} 14. Qa2 {(01:37)} Bxg5 {
(05:52)} 15. Bxg5 {(00:36)} Bd7 {(02:13)} 16. Bxc4 {
(11:20)} Nxa4 {(11:26)} 17. Qa3 {(12:00)} c5 {(15:
17)} 18. dxc5 {(08:15)} Rc8 {(04:10)} 19. c6 {(02:49)}
Bxc6 {(00:36)} 20. Bxe7 {(05:03)} Qd7 {(04:31)} 21. Bxf8 {
(00:18)} Rxf8 {(03:23)} 22. Rfd1 {(01:26)} Qf5 {(
02:19)} 23. Rd4 {(01:19)} Qg5 {(05:40)} 24. Bf1 {(00:34)}
b5 {(01:11)} 25. Rad1 {(01:08)} Kg7 {(01:45)} 26. h4 {
(02:14)} Qe5 {(03:40)} 27. Rd8 {(01:50)} Re8 {(03:
43)} 28. Rxe8 {(01:10)} Bxe8 {(00:16)} 29. Rd8 {(00:41)}
Qe4 {(02:48)} 30. Bxb5 {(03:13)} Qb1+ {(03:03)} 31. Bf1 {
(00:10)} Qe4 {(00:06)} 32. Qd6 {(01:45)} Nb2 {(01:
41)} 33. Qb8 {(00:42)} Qc2 {(01:07)} 34. Rxe8 {(00:13)}
1-0

[Event "42nd Olympiad Baku 2016 Women"]
[Site "Baku"]
[Date "2016.09.05"]
[Round "4.14"]
[White "Pourkashiyan, Atousa"]
[Black "Faruq, Afifa Ayyun"]
[Result "1-0"]
[ECO "C06"]
[WhiteElo "2335"]
[BlackElo "1667"]
[Annotator ""]
[PlyCount "115"]
[EventDate "2016.??.??"]
[EventCountry "AZE"]
[SourceTitle "playchess.com"]
[Source "ChessBase"]
[WhiteTeam "Iran"]
[BlackTeam "Indonesia"]
[WhiteTeamCountry "IRI"]
[BlackTeamCountry "INA"]
[TimeControl "40/5400+30:1800+30"]

1. e4 {(00:00)} e6 {(00:00)} 2. d4 {(00:00)} d5 {(
00:00)} 3. Nd2 {(00:00)} Nf6 {(00:01)} 4. e5 {(00:00)}
Nfd7 {(00:44)} 5. c3 {(00:02)} c5 {(00:27)} 6. Bd3 {
(00:08)} Nc6 {(00:27)} 7. Ne2 {(00:08)} cxd4 {(00:
54)} 8. cxd4 {(00:06)} f6 {(00:06)} 9. exf6 {(01:15)} Nxf6
{(00:09)} 10. Nf3 {(00:56)} Bd6 {(00:55)} 11. O-O {
(00:21)} Qc7 {(00:42)} 12. Bg5 {(01:17)} O-O {(00:
39)} 13. Nc3 {(05:00)} a6 {(03:33)} 14. Rc1 {(01:38)} Bd7
{(11:08)} 15. Bh4 {(21:47)} g6 {(07:56)} 16. Bg3 {(
05:17)} Nh5 {(02:37)} 17. Re1 {(04:00)} Rac8 {(06:22)} 18.
a3 {(03:33)} Bf4 {(02:05)} 19. Bxf4 {(06:28)} Nxf4 {
(00:08)} 20. Bf1 {(02:28)} Rf6 {(11:28)} 21. g3 {(
13:08)} Nh5 {(00:25)} 22. Ne5 {(01:44)} Rcf8 {(01:09)} 23.
Ng4 {(10:08)} Qb6 {(12:08)} 24. Nxf6+ {(02:32)} Rxf6 {
(00:07)} 25. Ne2 {(02:08)} Qxb2 {(12:57)} 26. Rb1 {
(00:39)} Qxa3 {(00:12)} 27. Rxb7 {(00:43)} Be8 {(
00:52)} 28. Bg2 {(02:29)} Nb4 {(05:02)} 29. Qc1 {(03:51)}
Qa4 {(02:16)} 30. Nc3 {(06:12)} Qa5 {(01:51)} 31. Qh6 {
(01:17)} Rf7 {(05:40)} 32. Rxe6 {(01:06)} Ng7 {(00:
55)} 33. Rxf7 {(03:01)} Bxf7 {(00:55)} 34. Re1 {(01:27)}
Nc2 {(00:53)} 35. Rc1 {(01:02)} Qxc3 {(00:23)} 36. Qf4 {
(01:21)} Qb2 {(04:17)} 37. Qd2 {(00:21)} Nf5 {(01:
59)} 38. Rxc2 {(00:11)} Qxd4 {(00:06)} 39. Qxd4 {(01:03)}
Nxd4 {(00:06)} 40. Rd2 {(00:00)} Nb3 {(00:00)} 41. Rxd5 {
(02:04)} Kf8 {(03:44)} 42. Rd7 {(06:28)} Nc5 {(01:
36)} 43. Ra7 {(01:55)} Ke8 {(05:30)} 44. Bf1 {(04:12)} h6
{(02:10)} 45. Bxa6 {(00:30)} Nxa6 {(00:40)} 46. Rxa6 {
(00:03)} Ke7 {(00:06)} 47. f3 {(00:49)} Be6 {(00:
18)} 48. Kf2 {(00:06)} Kf6 {(00:58)} 49. Ke3 {(00:03)} Ke5
{(01:48)} 50. h4 {(01:00)} h5 {(00:38)} 51. Ra5+ {(
00:18)} Kf6 {(00:22)} 52. Kf4 {(00:05)} Bf5 {(00:44)} 53.
Ra6+ {(00:02)} Be6 {(01:58)} 54. Rb6 {(00:03)} Kf7 {
(01:20)} 55. Kg5 {(00:02)} Bf5 {(00:15)} 56. Rf6+ {
(00:03)} Kg7 {(00:10)} 57. Rxf5 {(00:22)} gxf5 {(
00:09)} 58. Kxf5 {(00:03)} 1-0

[Event "42nd Olympiad Baku 2016 Women"]
[Site "Baku"]
[Date "2016.09.05"]
[Round "4.3"]
[White "Psaila, Uranchimeg"]
[Black "Mazariegos, Silvia Carolina"]
[Result "0-1"]
[ECO "A80"]
[WhiteElo "1483"]
[BlackElo "1942"]
[Annotator ""]
[PlyCount "72"]
[EventDate "2016.??.??"]
[EventCountry "AZE"]
[SourceTitle "playchess.com"]
[Source "ChessBase"]
[WhiteTeam "Malta"]
[BlackTeam "Guatemala"]
[WhiteTeamCountry "MLT"]
[BlackTeamCountry "GUA"]
[TimeControl "40/5400+30:1800+30"]

1. d4 {(00:00)} f5 {(00:00)} 2. Nf3 {(01:24)} Nf6 {
(00:00)} 3. e3 {(00:36)} e6 {(00:07)} 4. c4 {(04:
25)} d5 {(01:08)} 5. Nc3 {(04:23)} c6 {(00:26)} 6. Bd3 {
(01:15)} Bd6 {(01:32)} 7. c5 {(03:20)} Bc7 {(00:35]
} 8. b4 {(02:23)} O-O {(02:00)} 9. O-O {(01:15)} Qe7 {
(04:00)} 10. Ne5 {(04:28)} a5 {(05:34)} 11. Ba3 {(
04:51)} axb4 {(17:42)} 12. Bxb4 {(00:29)} Bxe5 {(00:16)}
13. dxe5 {(00:56)} Ng4 {(00:07)} 14. Ne2 {(07:34)} Nxh2 {
(10:36)} 15. Kxh2 {(19:04)} Qh4+ {(00:08)} 16. Kg1 {
(00:08)} Qxb4 {(00:05)} 17. Qc2 {(02:24)} Nd7 {(00:
26)} 18. Rfc1 {(01:37)} Nxe5 {(00:30)} 19. Rab1 {(01:58)}
Qh4 {(00:26)} 20. Nf4 {(02:21)} Ng4 {(02:34)} 21. Nh3 {
(01:47)} e5 {(02:46)} 22. Bf1 {(04:02)} Nh6 {(18:
29)} 23. Qe2 {(07:52)} Qe7 {(06:16)} 24. f3 {(01:33)} Ra5
{(05:43)} 25. Qc2 {(03:45)} Nf7 {(02:33)} 26. Nf2 {
(00:31)} Be6 {(01:37)} 27. Rb2 {(05:13)} Rfa8 {(00:
55)} 28. Nd3 {(02:15)} Bc8 {(01:40)} 29. Qc3 {(04:11)} Ra3
{(00:54)} 30. Qd2 {(01:05)} e4 {(01:29)} 31. Nf4 {(
02:18)} exf3 {(01:25)} 32. Rc3 {(01:14)} fxg2 {(06:00)}
33. Bxg2 {(00:33)} Ne5 {(01:27)} 34. Rxa3 {(03:08)} Rxa3 {
(00:14)} 35. Rb3 {(01:02)} Rxb3 {(02:08)} 36. axb3 {
(00:17)} Ng4 {(00:29)} 0-1

[Event "42nd Olympiad Baku 2016 Women"]
[Site "Baku"]
[Date "2016.09.05"]
[Round "4.15"]
[White "Putri, Regita Desyari"]
[Black "Hejazipour, Mitra"]
[Result "1/2-1/2"]
[ECO "B42"]
[WhiteElo "1623"]
[BlackElo "2314"]
[Annotator ""]
[PlyCount "98"]
[EventDate "2016.??.??"]
[EventCountry "AZE"]
[SourceTitle "playchess.com"]
[Source "ChessBase"]
[WhiteTeam "Indonesia"]
[BlackTeam "Iran"]
[WhiteTeamCountry "INA"]
[BlackTeamCountry "IRI"]
[TimeControl "40/5400+30:1800+30"]

1. e4 {(00:00)} c5 {(00:00)} 2. Nf3 {(00:13)} e6 {(
00:09)} 3. d4 {(00:33)} cxd4 {(00:05)} 4. Nxd4 {(00:06)}
a6 {(00:03)} 5. Bd3 {(02:04)} Bc5 {(00:22)} 6. Nb3 {
(01:23)} Be7 {(00:08)} 7. O-O {(01:15)} Nc6 {(00:
17)} 8. Nc3 {(03:03)} Nf6 {(03:07)} 9. Qe2 {(04:59)} d6 {
(00:33)} 10. Be3 {(00:44)} b5 {(03:44)} 11. a3 {(
06:31)} Ne5 {(09:16)} 12. h3 {(01:22)} O-O {(02:31)} 13.
f4 {(03:38)} Nxd3 {(00:24)} 14. Qxd3 {(00:40)} Bb7 {
(01:30)} 15. Rad1 {(09:55)} Qc7 {(00:38)} 16. Bd4 {
(00:42)} Rac8 {(23:27)} 17. Qe2 {(18:39)} e5 {(04:
25)} 18. Bf2 {(01:19)} Qc4 {(10:11)} 19. Qxc4 {(11:53)}
bxc4 {(00:08)} 20. Nd2 {(00:47)} exf4 {(00:19)} 21. Bh4 {
(00:51)} h6 {(02:38)} 22. Bxf6 {(01:47)} Bxf6 {(00:
01)} 23. Rxf4 {(00:17)} Be5 {(05:10)} 24. Rff1 {(00:36)}
Rfe8 {(00:11)} 25. Rfe1 {(04:09)} Re6 {(04:17)} 26. Kh1 {
(02:53)} a5 {(05:13)} 27. Re2 {(03:10)} Bxc3 {(03:
57)} 28. bxc3 {(00:06)} f5 {(00:57)} 29. Rde1 {(02:32)}
Rce8 {(00:24)} 30. Re3 {(01:11)} Bd5 {(03:12)} 31. Kg1 {
(01:49)} fxe4 {(02:18)} 32. Rb1 {(00:20)} Re5 {(02:
50)} 33. Rb5 {(00:56)} Ra8 {(06:04)} 34. Rb6 {(01:08)} Re6
{(01:14)} 35. Nf1 {(01:39)} Kf7 {(00:52)} 36. Re1 {
(01:15)} Rc8 {(02:45)} 37. Rb5 {(02:55)} Rc5 {(00:
11)} 38. Rxc5 {(00:24)} dxc5 {(00:01)} 39. Ne3 {(00:10)}
Bc6 {(03:07)} 40. Nxc4 {(00:00)} Ba4 {(00:00)} 41. Rxe4 {
(02:47)} Rxe4 {(04:38)} 42. Nd6+ {(03:09)} Ke6 {(
00:03)} 43. Nxe4 {(00:06)} Kd5 {(00:06)} 44. Nd2 {(02:34)}
Bxc2 {(00:16)} 45. Kf2 {(00:21)} Be4 {(11:44)} 46. g3 {
(01:43)} c4 {(01:40)} 47. Ke3 {(00:19)} Bg2 {(00:
13)} 48. h4 {(00:07)} Kc5 {(00:32)} 49. Kf4 {(10:19)} Bd5
{(03:05] Ke4} 1/2-1/2

[Event "42nd Olympiad Baku 2016 Women"]
[Site "Baku"]
[Date "2016.09.05"]
[Round "4.2"]
[White "Quevedo, Andreina"]
[Black "Puuska, Heini"]
[Result "1/2-1/2"]
[ECO "B49"]
[WhiteElo "1699"]
[BlackElo "1926"]
[Annotator ""]
[PlyCount "70"]
[EventDate "2016.??.??"]
[EventCountry "AZE"]
[SourceTitle "playchess.com"]
[Source "ChessBase"]
[WhiteTeam "Uruguay"]
[BlackTeam "Finland"]
[WhiteTeamCountry "URU"]
[BlackTeamCountry "FIN"]
[TimeControl "40/5400+30:1800+30"]

1. e4 {(00:00)} c5 {(00:00)} 2. Nf3 {(00:00)} e6 {(
02:08)} 3. d4 {(00:00)} cxd4 {(00:07)} 4. Nxd4 {(00:00)}
Nc6 {(00:46)} 5. Nc3 {(00:12)} Qc7 {(00:40)} 6. Be2 {
(00:13)} a6 {(00:16)} 7. Be3 {(00:04)} Nf6 {(00:58]
} 8. a3 {(00:05)} Nxd4 {(05:06)} 9. Bxd4 {(01:06)} Bd6 {
(05:52)} 10. Qd2 {(03:26)} b5 {(04:19)} 11. g3 {(
14:34)} e5 {(09:56)} 12. Be3 {(00:19)} b4 {(01:29)} 13.
axb4 {(06:39)} Bxb4 {(00:39)} 14. f3 {(05:45)} Bb7 {
(06:07)} 15. O-O {(08:50)} Bxc3 {(01:59)} 16. Qxc3 {
(04:30)} Qxc3 {(00:33)} 17. bxc3 {(00:06)} O-O {(
09:12)} 18. Rfb1 {(01:10)} Rfb8 {(04:26)} 19. Bxa6 {(10:
21)} Bxa6 {(01:00)} 20. Rxb8+ {(00:04)} Rxb8 {(00:23)} 21.
Rxa6 {(00:05)} d5 {(03:00)} 22. Bg5 {(04:19)} dxe4 {
(00:54)} 23. Bxf6 {(04:31)} gxf6 {(00:09)} 24. fxe4 {
(07:35)} Kg7 {(01:30)} 25. Ra2 {(01:06)} Rc8 {(03:
43)} 26. Kf2 {(03:02)} Rxc3 {(00:53)} 27. Ke2 {(00:14)}
Kg6 {(02:55)} 28. Kd2 {(00:38)} Rf3 {(01:23)} 29. Ke2 {
(00:31)} Rc3 {(00:32)} 30. Kd2 {(00:08)} Rf3 {(05:
18)} 31. Ke2 {(00:08)} Rc3 {(00:12)} 32. Kd2 {(00:15)} Rc7
{(04:55)} 33. Kd3 {(04:02)} f5 {(02:15)} 34. exf5+ {
(02:39)} Kxf5 {(00:13)} 35. c3 {(09:10)} e4+ {(09:
31] Kxe4+ Ke5+} 1/2-1/2

[Event "42nd Olympiad Baku 2016 Women"]
[Site "Baku"]
[Date "2016.09.05"]
[Round "4.10"]
[White "Rania, Sbai"]
[Black "Lagutina, Olga"]
[Result "0-1"]
[ECO "D37"]
[WhiteElo "1907"]
[BlackElo "1910"]
[Annotator ""]
[PlyCount "72"]
[EventDate "2016.??.??"]
[EventCountry "AZE"]
[SourceTitle "playchess.com"]
[Source "ChessBase"]
[WhiteTeam "MAR"]
[BlackTeam "ICCD"]
[WhiteTeamCountry "MAR"]
[BlackTeamCountry "RUS"]
[TimeControl "40/5400+30:1800+30"]

1. d4 {(00:00)} Nf6 {(00:00)} 2. c4 {(00:00)} e6 {(
00:00)} 3. Nc3 {(00:01)} d5 {(00:03)} 4. Nf3 {(00:24)}
Nbd7 {(00:09)} 5. e3 {(05:11)} c6 {(03:00)} 6. a3 {
(00:32)} Bd6 {(02:37)} 7. Qc2 {(00:10)} O-O {(00:
33)} 8. Bd3 {(00:12)} Re8 {(02:44)} 9. O-O {(03:37)} e5 {
(07:09)} 10. e4 {(03:10)} exd4 {(07:45)} 11. Nxd4 {
(02:10)} dxc4 {(09:48)} 12. Bxc4 {(01:19)} Nb6 {(
01:18)} 13. Bd3 {(29:13)} Bxh2+ {(07:18)} 14. Kxh2 {(00:
26)} Ng4+ {(01:08)} 15. Kg1 {(00:08)} Qxd4 {(00:16)} 16.
Ne2 {(03:32)} Qf6 {(03:59)} 17. Bf4 {(04:45)} Ne5 {
(06:56)} 18. Bxe5 {(03:13)} Rxe5 {(02:43)} 19. Ng3 {
(00:11)} Qf4 {(09:27)} 20. Ne2 {(04:51)} Qh4 {(03:
27)} 21. f4 {(00:23)} Rh5 {(01:05)} 22. f5 {(00:28)} Nd7 {
(02:11)} 23. Nd4 {(00:48)} Ne5 {(02:20)} 24. Nf3 {(
00:39)} Nxf3+ {(05:51)} 25. Rxf3 {(03:48)} Qh1+ {(00:56)}
26. Kf2 {(00:05)} Qxa1 {(00:40)} 27. Rg3 {(02:37)} Rh1 {
(08:31)} 28. Qc3 {(01:24)} Qg1+ {(01:59)} 29. Kf3 {
(00:14)} Qd1+ {(00:15)} 30. Kf2 {(01:11)} g6 {(06:
40)} 31. Qf6 {(01:31)} Qd2+ {(02:17)} 32. Be2 {(00:14)}
Bxf5 {(02:08)} 33. Qxf5 {(01:33)} Qd4+ {(00:37)} 34. Kf3 {
(00:34)} Re8 {(00:22)} 35. Rg4 {(00:40)} Re6 {(00:
36)} 36. Qg5 {(00:52)} Qf6+ {(00:17)} 0-1

[Event "42nd Olympiad Baku 2016 Women"]
[Site "Baku"]
[Date "2016.09.05"]
[Round "4.21"]
[White "Repkova, Eva"]
[Black "Dolzhikova, Olga"]
[Result "1-0"]
[ECO "C24"]
[WhiteElo "2332"]
[BlackElo "2167"]
[Annotator ""]
[PlyCount "51"]
[EventDate "2016.??.??"]
[EventCountry "AZE"]
[SourceTitle "playchess.com"]
[Source "ChessBase"]
[WhiteTeam "Slovakia"]
[BlackTeam "Norway"]
[WhiteTeamCountry "SVK"]
[BlackTeamCountry "NOR"]
[TimeControl "40/5400+30:1800+30"]

1. e4 {(00:00)} e5 {(00:00)} 2. Bc4 {(00:00)} Nf6 {
(00:02)} 3. d3 {(00:00)} c6 {(00:18)} 4. Nf3 {(00:
00)} d5 {(00:22)} 5. Bb3 {(00:00)} Bb4+ {(00:31)} 6. c3 {
(02:58)} Bd6 {(00:10)} 7. Nbd2 {(03:54)} Nbd7 {(02:
18)} 8. O-O {(00:12)} dxe4 {(04:51)} 9. dxe4 {(02:36)} Qe7
{(04:13)} 10. Nh4 {(15:42)} g6 {(08:49)} 11. Nc4 {(
05:24)} Bc7 {(00:22)} 12. Qf3 {(00:46)} h6 {(05:01)} 13.
Be3 {(03:36)} b5 {(08:38)} 14. Nd2 {(00:06)} Nf8 {(
07:01)} 15. a4 {(03:02)} a6 {(21:50)} 16. Rfe1 {(09:46)}
Bg4 {(03:24)} 17. Qg3 {(00:13)} Be6 {(00:29)} 18. Bd1 {
(04:25)} N8d7 {(07:03)} 19. axb5 {(06:23)} cxb5 {(
00:07)} 20. Be2 {(00:05)} Kf8 {(12:02)} 21. Ra3 {(09:15)}
b4 {(03:58)} 22. cxb4 {(00:26)} Qxb4 {(00:27)} 23. Bxa6 {
(08:28)} Qxb2 {(00:51)} 24. Rb1 {(01:46)} Qc2 {(03:
53)} 25. Bd3 {(01:09)} Qc6 {(00:13)} 26. Bb5 {(00:10)} 1-0

[Event "42nd Olympiad Baku 2016 Women"]
[Site "Baku"]
[Date "2016.09.05"]
[Round "4.12"]
[White "Revo, Tatiana"]
[Black "Fuad Kamel Jamaliah, Natalie"]
[Result "1-0"]
[ECO "C41"]
[WhiteElo "2087"]
[BlackElo "2064"]
[Annotator ""]
[PlyCount "47"]
[EventDate "2016.??.??"]
[EventCountry "AZE"]
[SourceTitle "playchess.com"]
[Source "ChessBase"]
[WhiteTeam "Belarus"]
[BlackTeam "Jordan"]
[WhiteTeamCountry "BLR"]
[BlackTeamCountry "JOR"]
[TimeControl "40/5400+30:1800+30"]

1. e4 {(00:00)} e5 {(00:00)} 2. Nf3 {(00:00)} d6 {(
00:00)} 3. d4 {(00:00)} exd4 {(00:33)} 4. Nxd4 {(00:00)}
Nf6 {(00:58)} 5. Nc3 {(00:06)} Be7 {(03:11)} 6. Bc4 {
(00:35)} Nxe4 {(12:27)} 7. Qh5 {(19:10)} d5 {(13:
09)} 8. Bxd5 {(05:23)} Nd6 {(02:26)} 9. Bf4 {(08:05)} O-O
{(05:57)} 10. O-O-O {(08:42)} g6 {(11:02)} 11. Qe2 {
(06:03)} Bg5 {(06:20)} 12. Qd2 {(09:57)} Bxf4 {(07:
54)} 13. Qxf4 {(00:06)} Bd7 {(08:55)} 14. h4 {(03:18)} h5
{(04:21)} 15. f3 {(08:09)} Kg7 {(05:09)} 16. g4 {(
01:45)} Qf6 {(05:05)} 17. Qg3 {(01:33)} Rh8 {(01:12)} 18.
Ne4 {(06:37)} Nxe4 {(01:44)} 19. fxe4 {(00:05)} Nc6 {
(05:32)} 20. Rhf1 {(01:41)} Bf5 {(01:57)} 21. Nxf5+ {
(01:04)} gxf5 {(00:29)} 22. Rxf5 {(00:12)} Qd6 {(
00:33)} 23. Rxf7+ {(00:53)} Kh6 {(00:11)} 24. Qe3+ {(00:
11] Qd8} 1-0

[Event "42nd Olympiad Baku 2016 Women"]
[Site "Baku"]
[Date "2016.09.05"]
[Round "4.9"]
[White "Richards, Heather S"]
[Black "Socko, Monika"]
[Result "0-1"]
[ECO "B18"]
[WhiteElo "2199"]
[BlackElo "2437"]
[Annotator ""]
[PlyCount "72"]
[EventDate "2016.??.??"]
[EventCountry "AZE"]
[SourceTitle "playchess.com"]
[Source "ChessBase"]
[WhiteTeam "Australia"]
[BlackTeam "Poland"]
[WhiteTeamCountry "AUS"]
[BlackTeamCountry "POL"]
[TimeControl "40/5400+30:1800+30"]

1. e4 {(00:00)} c6 {(00:00)} 2. d4 {(00:00)} d5 {(
00:00)} 3. Nc3 {(00:15)} dxe4 {(00:01)} 4. Nxe4 {(00:06)}
Bf5 {(00:06)} 5. Nc5 {(00:06)} Qc7 {(05:59)} 6. Bd3 {
(01:08)} Bxd3 {(00:34)} 7. Nxd3 {(00:07)} e6 {(03:
04)} 8. Nf3 {(05:23)} Bd6 {(01:22)} 9. O-O {(01:04)} Nd7 {
(01:26)} 10. Re1 {(00:34)} Ngf6 {(03:26)} 11. c4 {(
09:29)} O-O {(05:18)} 12. b4 {(02:49)} a5 {(09:11)} 13. c5
{(01:56)} Be7 {(00:03)} 14. Bf4 {(00:06)} Qc8 {(00:
57)} 15. a3 {(23:24)} Nd5 {(04:27)} 16. Qb3 {(08:00)} Rd8
{(12:55)} 17. Bg5 {(12:52)} Bf6 {(17:17)} 18. Rac1 {
(05:08)} axb4 {(03:58)} 19. axb4 {(02:16)} Nc7 {(
01:21)} 20. Nde5 {(10:40)} Bxg5 {(10:08)} 21. Nxg5 {(00:
27)} Nxe5 {(00:11)} 22. dxe5 {(00:08)} h6 {(03:45)} 23.
Ne4 {(00:08)} Rd4 {(00:24)} 24. Nd6 {(02:38)} Qd7 {
(00:29)} 25. g3 {(06:42)} Nb5 {(02:38)} 26. Ra1 {(
01:07)} Rd8 {(01:41)} 27. Ra4 {(01:29)} Rd5 {(00:23)} 28.
Qe3 {(02:21)} Nxd6 {(07:27)} 29. exd6 {(00:08)} e5 {
(00:06)} 30. Ra7 {(00:12)} f5 {(00:21)} 31. Qb3 {(
01:37)} Kh8 {(00:02)} 32. Qb2 {(01:42)} f4 {(01:50)} 33.
gxf4 {(00:57)} Qg4+ {(01:00)} 34. Kf1 {(01:12)} Qh3+ {
(00:18)} 35. Kg1 {(00:04)} exf4 {(00:15)} 36. Ra3 {
(01:10)} f3 {(00:50)} 0-1

[Event "42nd Olympiad Baku 2016 Women"]
[Site "Baku"]
[Date "2016.09.05"]
[Round "4.3"]
[White "Rinne, Heini"]
[Black "de San Vicente, Sabrina"]
[Result "1/2-1/2"]
[ECO "D31"]
[WhiteElo "1751"]
[BlackElo "1670"]
[Annotator ""]
[PlyCount "71"]
[EventDate "2016.??.??"]
[EventCountry "AZE"]
[SourceTitle "playchess.com"]
[Source "ChessBase"]
[WhiteTeam "Finland"]
[BlackTeam "Uruguay"]
[WhiteTeamCountry "FIN"]
[BlackTeamCountry "URU"]
[TimeControl "40/5400+30:1800+30"]

1. d4 {(00:00)} d5 {(00:00)} 2. c4 {(00:00)} e6 {(
00:00)} 3. Nc3 {(00:22)} c6 {(00:32)} 4. Nf3 {(03:40)}
dxc4 {(02:28)} 5. a4 {(01:37)} Bb4 {(01:14)} 6. e3 {
(01:10)} b5 {(00:54)} 7. axb5 {(04:41)} cxb5 {(00:
53)} 8. Bd2 {(00:05)} Bxc3 {(01:48)} 9. Bxc3 {(01:55)} a5
{(00:38)} 10. b3 {(06:29)} Bb7 {(01:53)} 11. bxc4 {
(07:27)} b4 {(00:52)} 12. Bb2 {(05:29)} Nf6 {(00:
54)} 13. Bd3 {(05:53)} O-O {(00:48)} 14. O-O {(04:39)}
Nbd7 {(07:24)} 15. Bc2 {(12:51)} Ne4 {(03:41)} 16. Nd2 {
(05:38)} Ndf6 {(02:38)} 17. f3 {(06:56)} Nxd2 {(06:
39)} 18. Qxd2 {(00:05)} Qb6 {(05:04)} 19. Qd3 {(06:37)} g6
{(00:45)} 20. Ba4 {(05:32)} Rfd8 {(06:50)} 21. Qe2 {
(04:09)} Nd7 {(02:33)} 22. Rfc1 {(01:00)} Bc6 {(01:
25)} 23. Kf1 {(06:18)} Bxa4 {(03:35)} 24. Rxa4 {(00:01)}
Rdc8 {(07:01)} 25. Rca1 {(01:36)} Qc7 {(05:24)} 26. c5 {
(01:15)} e5 {(07:54)} 27. Qf2 {(04:13)} exd4 28. exd4 Qxh2
{(05:25)} 29. Rxa5 {(00:47)} Rxa5 {(01:49)} 30. Rxa5 {
(00:01)} Qh1+ {(00:51)} 31. Qg1 {(00:25)} Qxg1+ 32. Kxg1
Kf8 {(04:21)} 33. Rb5 {(00:46)} Rb8 {(00:19)} 34. Rxb8+ {
(00:01)} Nxb8 {(00:22)} 35. Kf2 {(00:01)} Ke7 {(02:
08)} 36. Ke3 {(03:29)} 1/2-1/2